 Dungeon Crawl Stone Soup version 0.17-a0-1139-g49cbdf8 (webtiles) character file.

262 Kisielow the Poker (level 6, -3/48 HPs)
             Began as a Merfolk Skald on May 26, 2015.
             Slain by an orc
             ... wielding a +0 trident
              (9 damage)
             ... on level 4 of the Dungeon.
             The game lasted 00:09:27 (3067 turns).

Kisielow the Poker (Merfolk Skald)                  Turns: 3067, Time: 00:09:27

Health: -3/48      AC:  7    Str: 12    XL:     6   Next: 18%
Magic:  4/9        EV: 14    Int: 16    God:
Gold:   99         SH:  0    Dex: 16    Spells: 3 memorised, 3 levels left

rFire  . . .     SeeInvis .     a - +1 spear
rCold  . . .     Clarity  .     b - +0 leather armour
rNeg   . . .     SustAt   .     (no shield)
rPois  .         Gourm    .     (no helmet)
rElec  .         Spirit   .     m - +1 cloak
rCorr  .         Warding  .     h - +0 pair of gloves
rMut   .         Stasis   .     f - +0 pair of boots
MR     .....                    (no amulet)
Stlth  +.........               (no ring)
                                (no ring)

@: brilliant, not resistant to hostile enchantments, very unstealthy
A: change form in water, swift swim
a: no special abilities


You were on level 4 of the Dungeon.
You were very hungry.

You visited 1 branch of the dungeon, and saw 4 of its levels.

You collected 99 gold pieces.

Inventory:

Hand weapons
 a - a +1 spear (weapon)
Armour
 b - a +0 leather armour (worn)
 f - a +0 pair of boots (worn)
 h - a +0 pair of gloves (worn)
 m - a +1 cloak (worn)
Scrolls
 e - a scroll of identify
 j - a scroll of remove curse
 q - 2 scrolls of enchant armour
Potions
 g - 2 potions of flight
 i - 2 potions of magic
 l - a potion of brilliance
Books
 c - a book of Battle

   Spells                             Type                      Level
   a - Infusion                       Charms                       1
   b - Shroud of Golubria             Charms/Translocation         2
   c - Song of Slaying                Charms                       2
   d - Spectral Weapon                Hexes/Charms                 3
   e - Regeneration                   Charms/Necromancy            3
Comestibles
 d - 2 bread rations
 p - 2 beef jerkies
 r - a meat ration


   Skills:
 - Level 4.0 Fighting
 * Level 5.4 Polearms
 - Level 0.6 Armour
 - Level 5.1 Dodging
 - Level 2.0 Spellcasting
 * Level 3.4 Charms


You had 3 spell levels left.
You knew the following spells:

 Your Spells              Type           Power        Failure   Level  Hunger
e - Shroud of Golubria    Chrm/Tloc      ###.......   2%          2    ###....
q - Infusion              Chrm           ###...       1%          1    #......
w - Regeneration          Chrm/Necr      ###.......   5%          3    ###....


Dungeon Overview and Level Annotations

Branches:
Dungeon (4/15)
 Temple: D:4-7

Altars:
Dithmenos
Xom
The Shining One


Message History

The orc is severely wounded.
The orc hits you with a war axe!
* * * LOW HITPOINT WARNING * * *
The orc hits you but does no damage.
You are too injured to fight recklessly!
You are too injured to fight recklessly!
You hit the orc.
You kill the orc!
The orc barely misses you. The orc misses you.
Things that are here:
a war axe; an orc corpse You are too injured to fight recklessly!
You hit the orc.
The orc is heavily wounded.
The orc closely misses you. The orc barely misses you.
You hit the orc.
The orc is severely wounded.
The orc hits you with a trident!
You die...

.....#8.....8
#....#......##..##
#....##.....#
#.......######..#
###..##8...8
##.....## ##.. ##..#
##>## ##....## #..
#..########
###.....## #.. ##.##
#....####)[..#...#
#..# ...#
###..##.o†...##...#
#..# ...#
##.....#o.#####..#
#..##
#..#######...###@o#
#..# #..
##...##.....## #..#
#.....# #
#............# #..#
#.... #.
.)..###...#..###.##
.. .>..
....####...........
...P
.....###...........
..P.
...................
....
.......P...........
.P..
....................


You could see 2 orcs.

Vanquished Creatures
  A phantom (D:3)
  A centaur skeleton (D:4)
  A hound skeleton (D:4)
  A shadow imp (D:3)
  4 adders
  An ooze (D:2)
  2 worms
  A giant gecko (D:3)
  10 orcs
  6 bats
  3 giant cockroaches
  13 hobgoblins
  4 jackals (D:2)
  3 quokkas
  2 ball pythons
  2 giant newts
  6 goblins
  6 kobolds
  9 rats
76 creatures vanquished.

Notes
Turn   | Place    | Note
--------------------------------------------------------------
     0 | D:1      | Kisielow the Merfolk Skald began the quest for the Orb.
     0 | D:1      | Reached XP level 1. HP: 16/16 MP: 3/3
   116 | D:1      | Reached skill level 4 in Polearms
   116 | D:1      | Reached XP level 2. HP: 17/22 MP: 5/5
   981 | D:2      | Reached XP level 3. HP: 18/27 MP: 0/6
  1035 | D:2      | Learned a level 3 spell: Regeneration
  1038 | D:2      | Learned a level 2 spell: Shroud of Golubria
  1169 | D:2      | Reached skill level 5 in Polearms
  1557 | D:3      | Reached XP level 4. HP: 34/34 MP: 2/7
  1836 | D:3      | Noticed a phantom
  1889 | D:3      | Killed a phantom
  1889 | D:3      | Reached XP level 5. HP: 23/41 MP: 5/8
  2747 | D:4      | Reached skill level 5 in Dodging
  2747 | D:4      | Reached XP level 6. HP: 43/48 MP: 9/9
  2841 | D:4      | Found a glowing golden altar of the Shining One.
  2849 | D:4      | Found a shimmering altar of Xom.
  2856 | D:4      | Found a shadowy altar of Dithmenos.
  3067 | D:4      | Slain by an orc

Vault maps used:
D:1:      dpeg_arrival_arbitrary_b
D:2:      grunt_ministairs_15, st_stairs_12, minmay_misc_feat_square
D:4:      nicolae_overflow_hidden_temple, temple_garden, xom_teletrap_fun

Action                   |  1- 3 |  4- 6 || total
-------------------------+-------+-------++-------
Melee: Spear             |   109 |   202 ||   311
 Cast: Infusion          |     3 |    11 ||    14
       Shroud of Golubri |       |     3 ||     3
       Regeneration      |       |     1 ||     1
  Use: Scroll            |     9 |     1 ||    10
       Potion            |       |     2 ||     2
  Eat: Chunk             |     2 |     5 ||     7
